AoeStats
← 17_Neo_

Arabia

507404431Analyzed
3v3 RM · 15d ago on Sep 18, 2026· 45m 54s· 6 players
Game mode
Random Map
Map size
Normal (6 player)
Population
200
Speed
Normal
Resources
Standard
Victory
Conquest
Starting age
Dark Age
Ending age
Imperial Age
RankedLock teamsTeams togetherTeam positionsShared explorationLock speedFull tech treeHidden civsTurbo modeCheats
Victory
Defeat
🇨🇱 Ethiopians · Chile
1429
+13
🇨🇱 Shu · Chile
1425
+14
🇨🇱 Slavs · Chile
1412
+13
🇨🇴 Maya · Colombia
1387
-14
🇨🇴 Hindustanis · Colombia
1363
-13
🇨🇴 Teutons · Colombia
1361
-13
17_Neo_
0:27 Loom
9:45 Feudal Age
11:22 Fletching
12:04 Padded Archer Armor
16:49 Double-Bit Axe
17:02 Horse Collar
18:45 Wheelbarrow
23:58 Castle Age
24:04 Crossbowman
24:39 Bodkin Arrow
25:52 Ballistics
25:39 Thumb Ring
27:55 Leather Archer Armor
30:24 Bow Saw
42:43 Imperial Age
39:46 Elite Skirmisher
42:17 Hul'che Javelineers
43:24 Bracer
44:30 Chemistry
RAGNAROK
13:25 Feudal Age
16:00 Loom
19:35 Castle Age
18:05 Double-Bit Axe
18:01 Horse Collar
19:03 Bloodlines
20:14 Scale Barding Armor
28:51 Heavy Plow
28:52 Gold Mining
32:14 Chain Barding Armor
35:47 Bow Saw
39:05 Fletching
43:07 Imperial Age
41:18 Wheelbarrow
41:00 Forging
Logan
5:09 Loom
9:49 Feudal Age
16:36 Bloodlines
26:25 Castle Age
27:07 Wheelbarrow
26:45 Double-Bit Axe
27:46 Scale Barding Armor
28:12 Husbandry
29:38 Chain Barding Armor
EseTipo
6:28 Loom
9:35 Feudal Age
10:18 Double-Bit Axe
13:08 Fletching
16:35 Fletching
20:35 Town Watch
25:35 Castle Age
24:34 Horse Collar
24:46 Stone Mining
24:49 Gold Mining
25:39 Crossbowman
26:46 Bow Saw
26:54 Bodkin Arrow
27:52 Wheelbarrow
28:44 Ballistics
29:01 Padded Archer Armor
31:26 Thumb Ring
37:50 Imperial Age
39:35 Chemistry
39:07 Bracer
40:26 Arbalester
42:09 Leather Archer Armor
44:51 Ring Archer Armor
46:26 Conscription
46:13 Torsion Engines
Merkaria
8:26 Feudal Age
7:31 Loom
8:50 Loom
9:10 Double-Bit Axe
10:37 Horse Collar
16:43 Bloodlines
17:59 Wheelbarrow
20:36 Castle Age
19:15 Scale Barding Armor
19:30 Gold Mining
22:04 Husbandry
22:26 Chain Barding Armor
22:22 Bow Saw
22:16 Heavy Plow
23:38 Forging
28:52 Gold Shaft Mining
30:43 Hand Cart
33:19 Imperial Age
30:40 Town Watch
33:56 Cavalier
35:12 Plate Barding Armor
36:21 Iron Casting
37:57 Fletching
40:20 Blast Furnace
42:50 Herbal Medicine
43:58 Bodkin Arrow
RuNico
6:14 Loom
9:31 Feudal Age
10:07 Double-Bit Axe
13:22 Fletching
14:39 Padded Archer Armor
21:57 Castle Age
22:26 Crossbowman
23:02 Bodkin Arrow
23:56 Bow Saw
23:38 Gold Mining
28:03 Leather Archer Armor
30:48 Ballistics
31:10 Town Watch
32:02 Wheelbarrow
32:15 Thumb Ring
32:21 Horse Collar
33:17 Gold Shaft Mining
38:34 Imperial Age
36:26 Hand Cart
39:27 Bracer
38:48 Arbalester
39:48 Stone Mining
39:59 Heavy Plow
41:18 Chemistry
43:20 Siege Engineers
44:59 Elite Skirmisher
Connection lost

Rejoining the realm…

Still unreachable

The connection could not be restored.

Session expired

The server has moved on; the page needs a fresh start.